 Dungeon Crawl Stone Soup version 0.28.0 (webtiles) character file.

Game seed: 10205308731000038650

151323 4FPSwarrior the Lord of Darkness (level 17, -21/131 HPs)
             Began as a Vampire Necromancer on Feb 5, 2022.
             Was the Champion of Kikubaaqudgha.
             Killed from afar by a fire giant (54 damage)
             ... with a bolt of fire
             ... on level 1 of the Depths on Feb 6, 2022.
             The game lasted 03:38:21 (51448 turns).

4FPSwarrior the Lord of Darkness (VpNe)            Turns: 51448, Time: 03:38:22

Health: -21/131    AC: 16    Str: 13    XL:     17   Next: 0%
Magic:  22/41      EV: 15    Int: 23    God:    Kikubaaqudgha [******]
Gold:   342        SH:  6    Dex: 11    Spells: 5/38 levels left

rFire   . . .      SeeInvis +   d - +1 dagger (pain)
rCold   . . .      Faith    .   Z - +2 buckler
rNeg    . . .      Spirit   .   h - +2 robe {Will+}
rPois   +          Reflect  .   p - +2 helmet
rElec   +          Harm     .   (no cloak)
rCorr   +          Rampage  .   A - +2 pair of gloves "Atosox Foxi" {Will+ Int+2}
Will    +++..                   I - +1 pair of boots
Stlth   ++++++....              J - amulet of regeneration
HPRegen 1.31/turn               N - ring of Cexour {rElec rPois MP+9 AC+4 Dex-4}
MPRegen 0.27/turn               L - ring of Bihik {rCorr Str+2}

@: healing quickly
A: alive, fangs 3, see invisible, vampiric 2
a: Exsanguinate, Renounce Religion, Receive Corpses, Torment


You were on level 1 of the Depths.
You worshipped Kikubaaqudgha.
Kikubaaqudgha was exalted by your worship.
You visited 8 branches of the dungeon, and saw 30 of its levels.
You also visited: Sewer, Bailey and Volcano.

You collected 3471 gold pieces.
You spent 3129 gold pieces at shops.

Inventory:

Hand Weapons
 d - a +1 dagger of pain (weapon)
 n - a +2 short sword of protection
 P - a +3 scimitar of flaming
 Q - a +0 vorpal long sword
Missiles
 e - 3 throwing nets
 R - 9 curare-tipped darts (quivered)
Armour
 h - a +2 robe of willpower (worn)
 p - a +2 helmet (worn)
 A - the +2 pair of gloves "Atosox Foxi" (worn) {Will+ Int+2}
   (You took it off Nikola on level 1 of the Snake Pit)

   Int:       It affects your intelligence (+2).
   Will:      It increases your willpower.
 I - a +1 pair of boots (worn)
 M - a +2 robe of cold resistance
 Z - a +2 buckler (worn)
Jewellery
 a - a ring of positive energy
 v - a ring of protection from cold
 J - an amulet of regeneration (around neck)
 K - a ring of flight
 L - the ring of Bihik (right hand) {rCorr Str+2}
   (You bought it in a shop on level 10 of the Dungeon)

   [ring of resist corrosion]

   Str:       It affects your strength (+2).
   rCorr:     It protects you from acid and corrosion.
 N - the ring of Cexour (left hand) {rElec rPois MP+9 AC+4 Dex-4}
   (You bought it in a shop on level 1 of the Snake Pit)

   [ring of protection]

   AC:        It affects your AC (+4).
   Dex:       It affects your dexterity (-4).
   rElec:     It insulates you from electricity.
   rPois:     It protects you from poison.
   MP:        It affects your magic capacity (+9).
 Y - a ring of willpower
Wands
 c - a wand of paralysis (16)
 j - a wand of flame (28)
 x - a wand of acid (5)
 y - a wand of mindburst (4)
 U - a wand of iceblast (8)
Scrolls
 b - 2 scrolls of enchant armour
 f - 6 scrolls of silence
 g - 4 scrolls of fog
 i - 4 scrolls of immolation
 m - a scroll of identify
 r - 4 scrolls of fear
 w - a scroll of brand weapon
 z - 4 scrolls of enchant weapon
 B - 5 scrolls of amnesia
 G - 5 scrolls of vulnerability
 H - a scroll of torment
 O - 2 scrolls of blinking
 S - 4 scrolls of teleportation
Potions
 k - a potion of resistance
 o - a potion of brilliance
 t - 14 potions of curing
 u - 6 potions of ambrosia
 E - 2 potions of flight
 F - 6 potions of cancellation
 T - 4 potions of mutation
 V - 2 potions of haste
 W - 2 potions of berserk rage
 X - 3 potions of invisibility
Miscellaneous
 q - a condenser vane
 s - a lightning rod (4/4)
 C - a box of beasts (inert)


   Skills:
 + Level 11.0 Fighting
 + Level 10.8 Short Blades
 + Level 1.7 Armour
 + Level 10.9 Dodging
 + Level 17.2 Stealth
 - Level 4.0 Shields
 + Level 11.2 Spellcasting
 + Level 10.1 Hexes
 + Level 3.2 Summonings
 + Level 17.5 Necromancy
 + Level 4.7 Earth Magic
 + Level 7.2 Evocations


You had 5 spell levels left.
You knew the following spells:

 Your Spells              Type           Power      Damage    Failure   Level
a - Pain                  Necr           100%       1d9       0%          1
b - Vampiric Draining     Necr           76%        2d11      0%          3
c - Excruciating Wounds   Necr           38%        N/A       1%          5
d - Borgnjor's Vile Clut  Necr/Erth      29%        N/A       1%          5
e - Summon Mana Viper     Hex/Summ       43%        N/A       12%         5
f - Anguish               Hex/Necr       33%        N/A       1%          4
g - Animate Dead          Necr           38%        N/A       1%          4
h - Death Channel         Necr           38%        N/A       1%          6

Your spell library contained the following spells:

 Spells                   Type           Power      Damage    Failure   Level
 Animate Skeleton         Necr           100%       N/A       0%          1
 Dispel Undead            Necr           76%        3d25      1%          4
 Agony                    Necr           76%        N/A       1%          5
 Call Imp                 Summ           27%        N/A       2%          2
 Magic Dart               Conj           48%        1d5       6%          1
 Mephitic Cloud           Conj/Pois/Air  12%        N/A       19%         3
 Summon Ice Beast         Ice/Summ       20%        N/A       32%         4
 Summon Lightning Spire   Summ/Air       20%        N/A       32%         4
 Airstrike                Air            6%         N/A       54%         4
 Iskenderun's Battlesphe  Conj           12%        2d7       87%         5
 Lightning Bolt           Conj/Air       6%         1d18      87%         5
 Simulacrum               Ice/Necr       26%        N/A       26%         6
 Infestation              Necr           38%        N/A       30%         8
 Haunt                    Necr/Summ      28%        N/A       58%         7
 Iron Shot                Conj/Erth      11%        9d3       98%         6
 Monstrous Menagerie      Summ           13%        N/A       100%        7
 Spellforged Servitor     Conj/Summ      10%        N/A       100%        7
 Borgnjor's Revivificati  Necr           Unusable   N/A       N/A         8
 Death's Door             Necr           Unusable   N/A       N/A         9
 Necromutation            Tmut/Necr      Unusable   N/A       N/A         8

Dungeon Overview and Level Annotations

Branches:
Dungeon (15/15)            Temple (1/1) D:6            Lair (6/6) D:10
  Swamp (1/4) Lair:4        Snake (2/4) Lair:4        Slime (0/5) Lair:5
    Orc (2/2) D:11            Elf (2/3) Orc:2        Depths (1/4) D:15
  Sewer (visited)          Bailey (visited)         Volcano (visited)
 Vaults: D:13-14

Altars:
Ashenzari
Cheibriados
Dithmenos
Elyvilon
Fedhas
Gozag
Hepliaklqana
Kikubaaqudgha
Makhleb
Nemelex Xobeh
Okawaru
Qazlal
Ru
Sif Muna
Trog
Uskayaw
Vehumet
Wu Jian
Xom
Yredelemnul
Zin
The Shining One
Beogh

Shops:
D:9 [   D:10 =   D:11 ?   D:13 *   Orc:2 (:[!   Snake:1 ==:   Depths:1 =??:

Portals:
Hell: Lair:6

Annotations:
Lair:1 exclusion: oklob plant
Lair:3 3 runed translucent doors, Cab's ghost, journeyman DsFi
Lair:6 exclusion: oklob plant
Swamp:1 Frances
Snake:1 exclusion: 3 downstairs
Snake:2 Vashnia
Elf:2 3 runed translucent doors


Innate Abilities, Weirdness & Mutations

Your natural rate of healing is accelerated.
You have razor-sharp teeth.
You have supernaturally acute eyesight. (SInv)
You are afflicted with vampirism and can become a bat while bloodless.


Message History

The fire giant casts a spell at you. The bolt of fire hits you!!
Casting: Borgnjor's Vile Clutch (mildly dangerous; 1% risk of failure)
Confirm with . or Enter, or press ? or * to list all spells.
Aiming: Vampiric Draining (safe; 0% risk of failure)
Press: ? - help, Shift-Dir - straight line, f/p - fire giant
Aim: a fire giant, wielding a +0 great sword of flaming (lightly wounded, constricted by zombie hands)
You draw life force from the fire giant.
You feel life coursing into your body.
The zombie hands constrict the fire giant.
The fire giant points at you and mumbles some strange words.
The bolt of fire hits you!!!
* * * LOW HITPOINT WARNING * * *
Okay, then.
Casting: Vampiric Draining (safe; 0% risk of failure)
Confirm with . or Enter, or press ? or * to list all spells.
Aiming: Vampiric Draining (safe; 0% risk of failure)
Press: ? - help, Shift-Dir - straight line, f/p - fire giant
Aim: a fire giant, wielding a +0 great sword of flaming (lightly wounded, constricted by zombie hands)
You draw life force from the fire giant!
You feel life coursing into your body.
The zombie hands constrict the fire giant!!
The fire giant barely misses you.
Casting: Vampiric Draining (safe; 0% risk of failure)
Confirm with . or Enter, or press ? or * to list all spells.
Aiming: Vampiric Draining (safe; 0% risk of failure)
Press: ? - help, Shift-Dir - straight line, f/p - fire giant
Aim: a fire giant, wielding a +0 great sword of flaming (moderately wounded, constricted by zombie hands)
You draw life force from the fire giant!
You feel life coursing into your body!
The zombie hands constrict the fire giant!
The fire giant points at you and mumbles some strange words.
The bolt of fire hits you!!
* * * LOW HITPOINT WARNING * * *
You feel much better.
The zombie hands constrict the fire giant!!
The fire giant gestures at you while chanting.
The bolt of fire hits you!!!
You die...
Kikubaaqudgha rasps: "You have failed me!
Welcome... death!"

########## #.....<..#
#.....@..# #.###C###+
#♣...♣# . #♣.....♣## ..
#♣.......§# ...
#♣....∩....♣# .C..
#♣..........C♣# .....
###............)#......
#.....∩..8..∩..[.......


You could see a fire giant (clutched).

Vanquished Creatures
  Jorgrun (D:15)
  Agnes (D:15)
  Aizul (Snake:1)
  An orc warlord (D:11)
  Nessos (D:15)
  A deep elf annihilator (Elf:2)
  An ettin (Depths:1)
  A naga warrior (Snake:1)
  Harold (D:8)
  10 hydras
  5 boulder beetles
  2 catoblepae
  3 death yaks
  An anaconda (Lair:4)
  6 centaur warriors
  Erica (D:11)
  14 dancing weapons
  4 two-headed ogres
  5 orc high priests
  A tengu warrior (D:15)
  Sonja (D:11)
  2 naga sharpshooters (Snake:1)
  A sun demon (Lair:6)
  6 deep elf knights
  A fire crab (Lair:5)
  A goliath frog (Lair:4)
  5 deep elf archers
  A bog body (Lair:4)
  2 naga ritualists (Snake:1)
  2 lindwurms
  13 deep elf pyromancers
  A necromancer (D:15)
  2 orc knights (Orc:1)
  4 mana vipers
  3 wizards
  Pikel (D:5)
  2 cyclopes
  18 deep elf zephyrmancers
  8 orc sorcerers
  10 ugly things
  A will-o-the-wisp (Swamp:1)
  16 black mambas
  7 elephants (Lair:4)
  A guardian serpent (shapeshifter) (D:15)
  2 manticores
  A torpor snail (Lair:3)
  13 cane toads
  2 orange demons (Lair:6)
  2 naga magi (Snake:1)
  Joseph (D:7)
  3 gargoyles
  8 komodo dragons
  2 centaur skeletons (D:15)
  An unseen horror (D:12)
  Psyche (D:8)
  4 rime drakes
  2 tengu conjurers (D:15)
  2 ice devils (Lair:6)
  A hellwing (Lair:6)
  3 meliai (D:12)
  A queen bee (D:12)
  2 red devils (Lair:6)
  8 trolls
  7 polar bears
  20 slime creatures
  5 dream sheep
  30 blink frogs
  A centaur simulacrum (D:14)
  A water elemental (Elf:1)
  2 air elementals
  2 shadows (D:11)
  Sigmund (D:2)
  4 wraiths
  2 wyverns
  8 fire bats (Volcano)
  47 yaks
  11 basilisks
  2 steam dragons
  Grum (D:11)
  2 vampire mosquitoes (D:13)
  2 wargs
  Menkaure (D:6)
  4 swamp worms
  3 acid dragons
  12 nagas
  17 water moccasins
  5 hell hounds
  23 orc warriors
  An ice beast (D:6)
  A sky beast (D:6)
  3 boggarts (D:15)
  4 necrophages
  9 ogres
  10 centaurs
  11 wolves
  3 lemures
  2 phantoms
  3 kobold brigands
  7 bullfrogs
  2 gnoll sergeants
  A scorpion (D:4)
  3 earth elementals (Elf:2)
  A water moccasin zombie (D:5)
  A troll zombie (D:11)
  8 wights
  37 killer bees
  2 howler monkeys
  4 electric eels
  5 lava snakes (Volcano)
  7 centaur zombies
  10 orc priests
  2 gnoll shamans
  3 hounds
  5 jellies
  Ijyb (D:3)
  Jessica (D:2)
  Natasha (D:3)
  2 iguanas
  10 orc wizards
  6 hell rats
  A killer bee zombie (D:8)
  5 ogre zombies (D:11)
  A hound zombie (D:5)
  A hound skeleton (D:5)
  3 mummies (D:11)
  Robin (D:3)
  14 gnolls
  12 adders
  9 river rats
  A shadow imp (D:6)
  2 white imps (D:7)
  An adder skeleton (D:4)
  A worm (D:2)
  5 dart slugs
  91 orcs
  25 ball pythons
  12 endoplasms
  5 giant cockroaches
  18 goblins
  10 hobgoblins
  11 jackals
  4 quokkas
  2 bats (D:2)
  5 frilled lizards
  3 goblin skeletons (D:11)
  2 goblin zombies (D:11)
  2 hobgoblin zombies (D:11)
  15 kobolds
  An orc skeleton (D:11)
  11 orc zombies (D:11)
  22 rats
904 creatures vanquished.

Vanquished Creatures (collateral kills)
  Nikola (Snake:1)
  A hydra (Lair:2)
  A naga warrior (Snake:1)
  A death yak (D:9)
  A naga sharpshooter (Snake:1)
  A naga ritualist (Snake:1)
  2 ugly things (D:14)
  2 orc knights
  A cyclops (D:14)
  A salamander (Snake:1)
  2 black mambas (Snake:1)
  A freezing wraith (D:15)
  2 dream sheep (Lair:5)
  A blink frog (Lair:5)
  A yak (Lair:4)
  A naga (Snake:1)
  4 orc warriors
  2 centaurs (D:14)
  2 bullfrogs (D:10)
  An orc priest (Orc:1)
  3 orcs
32 creatures vanquished.

Vanquished Creatures (others)
  An orc warlord (D:11)
  A naga sharpshooter (Snake:1)
  A deep elf knight (Elf:1)
  A deep elf zephyrmancer (Orc:2)
  2 orc knights (D:11)
  A komodo dragon (Lair:5)
  A polar bear (Lair:5)
  A naga (Snake:1)
  11 foxfires (Swamp:1)
  32 fungi
  56 plants
108 creatures vanquished.

Grand Total: 1044 creatures vanquished

Notes
Turn   | Place    | Note
-------+----------+-------------------------------------------
     0 | D:1      | 4FPSwarrior the Vampire Necromancer began the quest for the
                  | Orb.
     0 | D:1      | Reached XP level 1. HP: 13/13 MP: 3/3
   282 | D:1      | Found a faded altar of an unknown god.
   373 | D:1      | Reached XP level 2. HP: 18/20 MP: 1/5
   712 | D:1      | Reached skill level 1 in Fighting
   989 | D:1      | Gained mutation: You are afflicted with vampirism and can
                  | become a bat while bloodless. [Vampire growth]
   989 | D:1      | Reached XP level 3. HP: 25/26 MP: 4/6
  1552 | D:2      | Learned a level 3 spell: Vampiric Draining
  1783 | D:2      | Reached skill level 5 in Necromancy
  1928 | D:2      | Reached XP level 4. HP: 30/32 MP: 4/8
  1969 | D:2      | Noticed Jessica
  1975 | D:2      | Killed Jessica
  2279 | D:2      | Noticed Sigmund
  2721 | D:3      | Noticed Robin
  2898 | D:3      | Killed Robin
  2899 | D:3      | Reached XP level 5. HP: 34/38 MP: 3/9
  3466 | D:3      | Noticed Natasha
  3469 | D:3      | Killed Natasha
  3536 | D:3      | Noticed Ijyb
  3608 | D:3      | Noticed a water moccasin
  3626 | D:3      | Killed a water moccasin
  3627 | D:3      | Reached skill level 1 in Short Blades
  3627 | D:3      | Reached XP level 6. HP: 14/45 MP: 1/10
  4633 | D:4      | Reached skill level 5 in Stealth
  4950 | D:3      | Reached XP level 7. HP: 47/51 MP: 6/12
  5391 | D:5      | Entered Level 5 of the Dungeon
  5415 | D:5      | Found a glowing drain.
  5513 | Sewer    | Entered a sewer
  6683 | D:5      | Learned a level 5 spell: Agony
  6853 | D:5      | Reached XP level 8. HP: 28/58 MP: 8/14
  6943 | D:5      | Noticed Pikel
  7041 | D:2      | Killed Sigmund
  7293 | D:3      | Paralysed by Ijyb for 2 turns
  7300 | D:3      | Killed Ijyb
  8512 | D:6      | Found a staircase to the Ecumenical Temple.
  8748 | Temple   | Entered the Ecumenical Temple
  9093 | Temple   | Became a worshipper of Kikubaaqudgha
  9099 | Temple   | Learned a level 4 spell: Animate Dead
  9196 | D:6      | Noticed Menkaure
  9201 | D:6      | Killed Menkaure
  9273 | D:6      | Reached XP level 9. HP: 62/67 MP: 7/15
  9570 | D:6      | Reached skill level 5 in Fighting
  9787 | D:7      | Noticed Joseph
 10336 | D:7      | Reached skill level 10 in Necromancy
 10612 | D:7      | Noticed a white ugly thing
 10788 | D:8      | Found a flagged portal.
 10796 | D:8      | Reached * piety under Kikubaaqudgha
 10796 | D:8      | Received a gift from Kikubaaqudgha
 10847 | Bailey   | Entered a bailey
 11437 | D:8      | Noticed a boulder beetle
 11566 | D:8      | Reached skill level 10 in Stealth
 11676 | D:8      | Noticed Psyche
 11677 | D:8      | Found a snail-covered altar of Cheibriados.
 11681 | D:8      | Noticed a two-headed ogre
 11984 | D:5      | Killed Pikel
 12295 | D:5      | Reached ** piety under Kikubaaqudgha
 12556 | D:8      | Killed Psyche
 12557 | D:8      | Reached XP level 10. HP: 25/76 MP: 2/16
 13217 | D:8      | Killed a two-headed ogre
 13315 | D:8      | Noticed Harold
 13626 | D:9      | Noticed a two-headed ogre
 13644 | D:9      | Killed a two-headed ogre
 13881 | D:9      | Found Uwneub's Antique Armour Boutique.
 14340 | D:10     | Entered Level 10 of the Dungeon
 14498 | D:10     | Noticed a death yak
 14498 | D:10     | Found a staircase to the Lair.
 14498 | D:10     | Noticed a death yak
 14499 | D:10     | Noticed a death yak
 15012 | D:9      | Killed a death yak
 15013 | D:9      | Reached skill level 5 in Short Blades
 15228 | D:10     | Found Zuojeler's Jewellery Shop.
 15237 | D:10     | Bought the ring of Bihik {rCorr Str+2} for 436 gold pieces
 15556 | D:9      | Killed a death yak
 15557 | D:9      | Reached skill level 5 in Dodging
 15557 | D:9      | Reached XP level 11. HP: 72/84 MP: 1/17
 15692 | D:9      | Killed a death yak
 15877 | D:11     | Noticed Erica
 15889 | D:11     | Killed Erica
 16215 | D:11     | Noticed Grum
 16539 | D:11     | Found a staircase to the Orcish Mines.
 16574 | D:11     | Reached *** piety under Kikubaaqudgha
 16574 | D:11     | Received a gift from Kikubaaqudgha
 16608 | D:11     | Noticed Sonja
 16623 | D:11     | Killed Sonja
 16757 | D:11     | Found Uxku's Magic Scroll Emporium.
 16762 | D:11     | Bought a scroll of fear for 42 gold pieces
 16762 | D:11     | Bought a scroll of identify for 24 gold pieces
 16762 | D:11     | Bought a scroll of teleportation for 36 gold pieces
 16784 | D:11     | Noticed a two-headed ogre
 16855 | D:11     | Killed a two-headed ogre
 17003 | D:11     | Reached skill level 5 in Spellcasting
 17102 | D:11     | Noticed a boulder beetle
 17234 | D:11     | Killed Grum
 17647 | D:10     | Learned a level 5 spell: Excruciating Wounds
 17648 | Lair:1   | Entered Level 1 of the Lair of Beasts
 18115 | D:10     | Reached skill level 1 in Evocations
 18115 | D:10     | Reached XP level 12. HP: 53/94 MP: 1/20
 18434 | Lair:1   | Reached **** piety under Kikubaaqudgha
 18552 | Lair:1   | Found a shimmering altar of Xom.
 19105 | Lair:1   | Found a blossoming altar of Fedhas.
 19823 | Lair:2   | Noticed a seven-headed hydra
 19929 | Lair:2   | Killed a six-headed hydra
 20478 | Lair:3   | Noticed an eight-headed hydra
 20784 | Lair:3   | Noticed Cab's ghost (journeyman DsFi)
 20869 | Lair:3   | Noticed a five-headed hydra
 20876 | Lair:3   | Killed a five-headed hydra
 21066 | Lair:3   | Found a runed translucent gate.
 21066 | Lair:3   | Found a runed translucent gate.
 21066 | Lair:3   | Found a runed translucent gate.
 21185 | Lair:3   | Learned a level 4 spell: Anguish
 21306 | Lair:3   | Killed an eight-headed hydra
 21307 | Lair:3   | Reached skill level 1 in Hexes
 21307 | Lair:3   | Reached XP level 13. HP: 100/100 MP: 12/23
 21709 | Lair:4   | Reached ***** piety under Kikubaaqudgha
 21922 | Lair:4   | Found a staircase to the Snake Pit.
 23066 | Lair:4   | Found a staircase to the Swamp.
 23835 | Lair:4   | Reached skill level 15 in Necromancy
 24465 | Lair:5   | Found a staircase to the Slime Pits.
 25231 | Lair:6   | Entered Level 6 of the Lair of Beasts
 25706 | Lair:5   | Reached XP level 14. HP: 105/106 MP: 10/26
 25800 | Lair:5   | Reached skill level 5 in Hexes
 26549 | Lair:6   | Reached skill level 15 in Stealth
 28232 | D:10     | Bought a ring of willpower for 350 gold pieces
 28388 | Orc:1    | Entered Level 1 of the Orcish Mines
 28477 | Orc:1    | Reached skill level 5 in Evocations
 28648 | Orc:1    | Noticed an orc warlord
 28745 | D:11     | Killed an orc warlord
 28993 | D:11     | Found Uxku's Magic Scroll Emporium.
 29209 | D:11     | Found a staircase to the Orcish Mines.
 29979 | D:11     | Found a staircase to the Orcish Mines.
 30360 | D:11     | Found Uxku's Magic Scroll Emporium.
 30364 | D:11     | Bought a scroll of fog for 24 gold pieces
 30761 | D:11     | Found Uxku's Magic Scroll Emporium.
 30882 | D:11     | Found a staircase to the Orcish Mines.
 31780 | Orc:1    | Noticed an orc warlord
 32022 | D:11     | Killed an orc warlord
 32231 | Orc:1    | Identified the +5 hand axe "Zuoshragg" {elec, rC- Will+
                  | rCorr SInv}
 32292 | Orc:2    | Entered Level 2 of the Orcish Mines
 32295 | Orc:2    | Found a dark tunnel.
 32304 | Volcano  | Entered a volcano
 32749 | Volcano  | Found a bloodstained altar of Trog.
 32954 | Orc:2    | Found a staircase to the Elven Halls.
 33423 | Orc:2    | Reached ****** piety under Kikubaaqudgha
 34044 | Orc:2    | Found Qacipran's Weapon Emporium.
 34229 | Orc:1    | Reached skill level 10 in Fighting
 35078 | Orc:2    | Found Ycrut's Distillery.
 35079 | Orc:2    | Found Eczaupt's Antique Armour Shop.
 35244 | Orc:2    | Found Poxeah's Book Shop.
 35251 | Orc:2    | Bought a potion of mutation for 104 gold pieces
 35269 | Orc:2    | Bought a book of Unlife for 432 gold pieces
 35275 | Orc:2    | Learned a level 5 spell: Borgnjor's Vile Clutch
 35285 | Orc:2    | Bought a potion of berserk rage for 65 gold pieces
 35285 | Orc:2    | Bought a potion of heal wounds for 65 gold pieces
 35285 | Orc:2    | Bought a potion of curing for 39 gold pieces
 35285 | Orc:2    | Bought a potion of heal wounds for 65 gold pieces
 35408 | D:11     | Bought a scroll of enchant armour for 90 gold pieces
 36224 | D:8      | Killed Harold
 36577 | D:7      | Killed Joseph
 37023 | D:12     | Reached XP level 15. HP: 115/115 MP: 28/28
 37244 | D:12     | Reached skill level 1 in Earth Magic
 37286 | D:12     | Identified a scroll of acquirement
 37295 | D:12     | Learned a level 6 spell: Death Channel
 37870 | D:12     | Acquired the +0 cloak "Kor Imueh" {rPois rC+ MP-9}
 38007 | D:13     | Found Utabb's General Store.
 38366 | D:13     | Received a gift from Kikubaaqudgha
 39014 | D:13     | Reached skill level 10 in Spellcasting
 39017 | D:13     | Bought a scroll of blinking for 112 gold pieces
 39911 | D:14     | Found an opulent altar of Gozag.
 40127 | D:15     | Entered Level 15 of the Dungeon
 40362 | D:15     | Reached skill level 10 in Short Blades
 40557 | D:15     | Noticed Jorgrun
 40566 | D:15     | Killed Jorgrun
 40858 | D:15     | Noticed Agnes
 40866 | D:15     | Killed Agnes
 40867 | D:15     | Reached skill level 10 in Dodging
 40982 | D:15     | Noticed Nessos
 41256 | Snake:1  | Entered Level 1 of the Snake Pit
 41357 | Lair:6   | Reached skill level 1 in Shields
 41383 | Lair:6   | Found a burning altar of Makhleb.
 42017 | Lair:6   | Found a gateway to Hell.
 42181 | Swamp:1  | Entered Level 1 of the Swamp
 42342 | Swamp:1  | Noticed a tentacled monstrosity
 42965 | Lair:4   | Found a staircase to the Snake Pit.
 43241 | Lair:4   | Learned a level 5 spell: Summon Mana Viper
 43475 | Lair:4   | Found a staircase to the Swamp.
 43940 | Elf:1    | Entered Level 1 of the Elven Halls
 44499 | Elf:1    | Paralysed by an air elemental for 1 turns
 44514 | Elf:1    | Paralysed by an air elemental for 1 turns
 44522 | Elf:1    | Paralysed by an air elemental for 1 turns
 44677 | Elf:1    | Reached XP level 16. HP: 115/124 MP: 15/30
 44691 | Elf:1    | Reached skill level 1 in Summonings
 46360 | Elf:2    | Paralysed by an air elemental for 1 turns
 46373 | Elf:2    | Paralysed by an air elemental for 1 turns
 46384 | Elf:2    | Paralysed by an air elemental for 1 turns
 46389 | Elf:2    | Paralysed by an air elemental for 1 turns
 46392 | Elf:2    | Paralysed by an air elemental for 1 turns
 47053 | Elf:2    | Identified the +1 plate armour of Daisies {rElec rF+ rC-
                  | Stlth+}
 47373 | Elf:2    | Found a runed translucent gate.
 47374 | Elf:2    | Found a runed translucent gate.
 47374 | Elf:2    | Found a runed translucent gate.
 47793 | D:9      | Bought a shiny chain mail for 210 gold pieces
 48548 | Snake:1  | Identified the +2 pair of gloves "Atosox Foxi" {Will+
                  | Int+2}
 48548 | Snake:1  | Noticed Nikola
 48566 | Snake:1  | Killed Nikola
 48567 | Snake:1  | Reached skill level 1 in Armour
 49673 | Snake:1  | Found Havos's Jewellery Emporium.
 49675 | Snake:1  | Found Teas Buz's Book Boutique.
 49676 | Snake:1  | Found Hymoeco's Jewellery Emporium.
 49686 | Snake:1  | Bought the ring of Cexour {rElec rPois MP+9 AC+4 Dex-4} for
                  | 1035 gold pieces
 49809 | Snake:1  | Noticed Aizul
 49820 | Snake:1  | Killed Aizul
 49821 | Snake:1  | Reached skill level 10 in Hexes
 49958 | Snake:2  | Noticed Vashnia
 50105 | Swamp:1  | Noticed Frances
 50781 | D:15     | Killed Nessos
 50895 | D:15     | Found a staircase to the Depths.
 50903 | D:15     | Found a staircase to the Depths.
 51401 | Depths:1 | Entered Level 1 of the Depths
 51401 | Depths:1 | Found Otibyx's Magic Scroll Shop.
 51403 | Depths:1 | Found Soroimn's Book Boutique.
 51403 | Depths:1 | Found Jauclydo's Jewellery Shop.
 51406 | Depths:1 | Found Itwis's Magic Scroll Boutique.
 51434 | Depths:1 | Reached XP level 17. HP: 131/131 MP: 32/32
 51448 | Depths:1 | Killed from afar by a fire giant

Illustrated notes

Levels and vault maps discovered:
D:1:      erik_arrival_blinker_ship, layout_basic,
          chequers_ecumenical_altar_simple_redux
D:2:      layout_rooms, uniq_jessica, uniq_sigmund
D:3:      layout_basic, patterned_corridor, uniq_natasha, uniq_ijyb, uniq_robin
D:4:      layout_loops_corners, minmay_circle_x
D:5:      layout_rooms, portal_sewer_entry_b, grunt_decor_mini_mirrors,
          kennysheep_minor_cross, uniq_pikel
D:6:      layout_loops_ring, minmay_temple_entry_large_hall, uniq_menkaure
D:7:      layout_rooms, item_on_display_a, uniq_joseph
D:8:      layout_gridville, amcnicky_altar_gilded, enter_bailey_3, special_room
          [special_room_orc], uniq_harold, uniq_psyche
D:9:      layout_gridville, serial_shops, nicolae_lakefront_shop,
          chequers_serial_rivers_room_b
D:10:     layout_rooms, dpeg_lair_monsters, serial_shops, kennysheep_little_box,
          nrook_mini_backslash
D:11:     layout_stronghold, zombieorc1_lemuel, serial_undead, serial_undead_a,
          serial_undead_f, serial_undead_e, serial_undead_c, serial_shops, shop,
          uniq_sonja, uniq_grum, uniq_erica
D:12:     layout_long_grid, special_room [special_room_bee]
D:13:     layout_roguey, grunt_vaults_entry_fortified, serial_shops,
          nicolae_stop_n_shop_1
D:14:     layout_basic, nicolae_gozag_seed_capital
D:15:     grunt_enter_depths_magical_seal, layout_rooms, serial_aquarium,
          aquarium_bridge_straight [aquarium_subvault_bridge,
          aquarium_subvault_balcony, aquarium_subvault_bridge,
          aquarium_subvault_window], aquarium_bridge_long_separate
          [aquarium_subvault_window, aquarium_subvault_bridge,
          aquarium_subvault_bridge, aquarium_subvault_bridge,
          aquarium_subvault_wall, aquarium_subvault_bridge], aquarium_window_1,
          aquarium_window_fake, aquarium_window_corridor_1, aquarium_view_2e,
          uniq_nessos, uniq_agnes, uniq_jorgrun
Temple:   mainiacjoe_temple_circle_huts
Lair:1:   layout_gridlike, basic_altar, tgw_fedhas, serial_bayou_shore_b
Lair:2:   layout_cave_pods
Lair:3:   layout_regular_city, gammafunk_ghost_icy
Lair:4:   layout_cave_pods, nicolae_swamp_entry_splash_gauntlet,
          guppyfry_snake_entry_island
Lair:5:   layout_small_grid, nicolae_slime_entry_slimehenge,
          beast_lair_carwin_8, serial_bayou_shore_b
Lair:6:   evil_forest, layout_regular_city, wad_woods_river_02,
          kennysheep_basilisk_garden, lemuel_fruit_fields, serial_bayou_shore_a
Swamp:1:  layout_basic_swamp, wheals_swamp_sinkhole, uniq_frances
Snake:1:  layout_onion_interference, grunt_megastairs_4, minmay_shop_grove,
          serial_bayou_shore_b, uniq_aizul, uniq_nikola
Snake:2:  layout_rooms, grunt_megastairs_5, uniq_donald, uniq_roxanne,
          uniq_vashnia
Orc:1:    layout_diamond_mine, minmay_orc_treasury
Orc:2:    st_orc_elflike, layout_caves, basic_altar, enter_volcano_2,
          mines2_david
Elf:1:    layout_geoelf_grid, hangedman_elven_crosses_minicolossus
Elf:2:    nicolae_elf_blades_crystal_corner, layout_gridlike
Depths:1: layout_roguey, special_room [special_room_mythical_zoo],
          grunt_mini_vestibule, abyss_entry, minmay_evil_grid, minmay_shoptagon,
          uniq_mara

Skill      XL: |  1  2  3  4  5  6  7  8  9 10 11 12 13 14 15 16 |
---------------+-------------------------------------------------+-----
Fighting       | 1 2 3 4 6 7 8 9 10 11 | 11.0
Necromancy     | 5 6 7 9 11 12 13 14 15 16 17 | 17.5
Spellcasting   | 3 4 5 7 8 9 10 11 | 11.2
Stealth        | 4 5 6 8 10 11 13 14 15 16 17 | 17.2
Short Blades   | 1 2 3 5 6 7 8 9 10 | 10.8
Dodging        | 3 5 6 7 8 9 10 | 10.9
Evocations     | 1 3 4 5 6 7 |  7.2
Hexes          | 1 4 7 8 10 | 10.1
Earth Magic    | 3 4 |  4.7
Shields        | 1 4 |  4.0
Summonings     | 3 |  3.2
Armour         | 1 |  1.7

Action                   |  1- 3 |  4- 6 |  7- 9 | 10-12 | 13-15 | 16-18 || total
-------------------------+-------+-------+-------+-------+-------+-------++-------
Melee: Whip              |     1 |       |       |       |       |       ||     1
       Dagger            |     4 |       |       |       |       |   160 ||   164
       Punch             |     1 |       |     3 |    20 |    29 |       ||    53
       Short sword       |       |    23 |   159 |   406 |  1449 |    97 ||  2134
       Bite              |       |     1 |    28 |   125 |   248 |    57 ||   459
       Rapier            |       |       |    63 |   420 |       |       ||   483
       Scimitar          |       |       |       |     2 |    50 |       ||    52
Throw: Dart              |       |       |     1 |     2 |     9 |       ||    12
 Cast: Pain              |    80 |   155 |   348 |   169 |   528 |    12 ||  1292
       Vampiric Draining |       |       |     8 |    79 |   181 |    22 ||   290
       Animate Dead      |       |       |     2 |    11 |    14 |     3 ||    30
       Agony             |       |       |       |     1 |       |       ||     1
       Excruciating Woun |       |       |       |     8 |    71 |     1 ||    80
       Anguish           |       |       |       |       |     9 |     3 ||    12
       Borgnjor's Vile C |       |       |       |       |    64 |    86 ||   150
       Death Channel     |       |       |       |       |     3 |     7 ||    10
Invok: Receive Corpses   |       |       |     2 |     5 |    11 |     1 ||    19
       Receive Forbidden |       |       |       |       |     1 |       ||     1
Evoke: Wand              |       |     3 |     2 |    10 |     2 |     3 ||    20
       Lightning rod     |       |       |       |       |    10 |       ||    10
       Box of beasts     |       |       |       |       |       |     2 ||     2
       Condenser vane    |       |       |       |       |       |     1 ||     1
  Use: Scroll            |     1 |     2 |    13 |     8 |    17 |     2 ||    43
       Potion            |       |     1 |     2 |     2 |     2 |     9 ||    16
 Stab: Sleeping          |       |     1 |     3 |    26 |    37 |    17 ||    84
       Paralysed         |       |       |     2 |     2 |       |       ||     4
       Distracted        |       |       |       |     2 |     8 |       ||    10
Armor: Robe              |     4 |    17 |       |       |   166 |   114 ||   301
       Ring mail         |       |    19 |   293 |    39 |       |       ||   351
       Troll leather arm |       |       |       |   383 |   413 |       ||   796
Dodge: Dodged            |     9 |    50 |   218 |   670 |  1364 |   186 ||  2497
Block: Buckler           |       |       |       |       |     8 |    71 ||    79
